 Dungeon Crawl Stone Soup version 0.31-a0-620-gd1cbd99268 (webtiles) character file.

Game seed: 4095432823802011668

6972241 CrazyBamboolord the Middleweight Champion (level 27, 261/261 HPs)
             Began as an Octopode Shapeshifter on Aug 22, 2023.
             Was the Champion of Cheibriados.
             Escaped with the Orb
             ... and 8 runes on Aug 23, 2023!
             The game lasted 03:40:27 (69961 turns).

CrazyBamboolord the Middleweight Champion (OpSh)   Turns: 69961, Time: 03:40:27

Health: 261/261    AC: 39    Str: 56    XL:     27
Magic:  32/32      EV: 55    Int: 40    God:    Cheibriados [******]
Gold:   8596       SH: 34    Dex: 32    Spells: 26/26 levels left

rFire   + +          .
                       - Unarmed
rCold   + + +        g - +8 tower shield {reflect}
rNeg    + + +        y - +1 hat of Vagasimp {Regen+ Str+2}
rPois   ∞            i - amulet of Vitality {RegenMP++ Regen++}
rElec   +            N - ring "Hisutufe" {rF++ Str+6 SInv}
rCorr   +            c - ring "Icioh" {rElec rN+ Will+ Str+2}
SInv    +            r - ring of the Enemy {Will+ Str+5 Int+6}
Will    +++++        m - ring of Duuraefe {Will+ rCorr Str+2 Dex+2}
Stlth   ++++         J - ring "Fyicseh" {rPois rN+ EV+5 Int+2}
HPRegen 3.03/turn    n - ring of protection from cold
MPRegen 1.03/turn    p - ring "Qiskeaqe" {rPois rC+ EV+5 Dex+3}
                     U - ring of protection from cold

%: reflection
@: statue-form, studying 6 skills, very slow
A: slow and powerful, torment resistance 1, boosted hp, almost no armour,
amphibious, 8 rings, camouflage 2, (gelatinous body 1), (nimble swimmer 1),
tentacles, antennae 1, tentacle spike 1, clever 1, frail 1, screaming 1,
electricity resistance
0: Orb of Zot
}: 8/15 runes: decaying, serpentine, slimy, silver, iron, obsidian, bone,
abyssal
a: Begin Untransformation, Renounce Religion, Bend Time, Temporal Distortion,
Slouch, Step From Time


You escaped.
You worshipped Cheibriados.
Cheibriados was exalted by your worship.
You were a living statue of rough stone.
You visited 18 branches of the dungeon, and saw 86 of its levels.
You visited the Abyss 1 time.
You visited 1 bazaar.
You also visited: Bailey and Volcano.

You collected 15026 gold pieces.
You spent 6430 gold pieces at shops.

Inventory:

Hand Weapons
 M - a +4 demon blade of flaming
Missiles
 e - 6 throwing nets
 x - 49 boomerangs
 Q - 6 silver javelins
Armour
 g - a +8 tower shield of reflection (worn)
 y - the +1 hat of Vagasimp (worn) {Regen+ Str+2}
   (You acquired it on level 3 of the Dungeon)

   Str+2:     It affects your strength (+2).
   Regen+:    It increases your rate of health regeneration.
 G - a +5 kite shield of protection
 P - the orb of Dispater {+Damnation *Corrode AC+5}
   (You took it off Dispater on level 7 of the Iron City of Dis)

   +Damnation: It grants the ability to hurl damnation at the cost of health and
   magic, with strength depending on Evocations skill.
   AC+5:      It affects your AC (+5).
   *Corrode:  It may corrode you when you take damage.
Jewellery
 c - the ring "Icioh" (right tentacle) {rElec rN+ Will+ Str+2}
   (You found it on level 3 of the Crypt)

   [ring of positive energy]

   Str+2:     It affects your strength (+2).
   rElec:     It insulates you from electricity.
   rN+:       It protects you from negative energy.
   Will+:     It increases your willpower.
 i - the amulet of Vitality (around mantle) {RegenMP++ Regen++}
   (You found it on level 5 of the Vaults)

   [amulet of magic regeneration]

   RegenMP:   It increases your rate of magic regeneration.
   Regen++:   It increases your rate of health regeneration.
 m - the ring of Duuraefe (on tentacle) {Will+ rCorr Str+2 Dex+2}
   (You found it on level 5 of the Vaults)

   [ring of willpower]

   Str+2:     It affects your strength (+2).
   Dex+2:     It affects your dexterity (+2).
   Will+:     It increases your willpower.
   rCorr:     It protects you from acid and corrosion.
 n - a ring of protection from cold (on tentacle)
 p - the ring "Qiskeaqe" (on tentacle) {rPois rC+ EV+5 Dex+3}
   (You acquired it on level 3 of the Lair of Beasts)

   [ring of evasion]

   EV+5:      It affects your evasion (+5).
   Dex+3:     It affects your dexterity (+3).
   rC+:       It protects you from cold.
   rPois:     It protects you from poison
 r - the ring of the Enemy (on tentacle) {Will+ Str+5 Int+6}
   (You found it on level 5 of the Vaults)

   [ring of intelligence]

   Str+5:     It affects your strength (+5).
   Int+6:     It affects your intelligence (+6).
   Will+:     It increases your willpower.
 J - the ring "Fyicseh" (on tentacle) {rPois rN+ EV+5 Int+2}
   (You found it on level 5 of the Vaults)

   [ring of evasion]

   EV+5:      It affects your evasion (+5).
   Int+2:     It affects your intelligence (+2).
   rPois:     It protects you from poison rN+: It protects you from negative
   energy.
 N - the ring "Hisutufe" (left tentacle) {rF++ Str+6 SInv}
   (You bought it in a shop on level 2 of the Orcish Mines)

   [ring of strength]

   Str+6:     It affects your strength (+6).
   rF++:      It greatly protects you from fire.
   SInv:      It lets you see invisible.
 S - the amulet of Kedatuawn {Reflect MP+9 SH+5}
   (You found it on level 7 of Tartarus)

   [amulet of reflection]

   Reflect:   It reflects blocked missile attacks.
   MP+9:      It affects your magic capacity (+9).
   SH+5:      It affects your SH (+5).
 U - a ring of protection from cold (on tentacle)
 Z - a ring of flight
Talismans
 t - a talisman of death
 F - a granite talisman (active)
 L - a storm talisman
Wands
 b - a wand of acid (48)
 f - a wand of charming (60)
 q - a wand of digging (29)
 E - a wand of mindburst (45) (quivered)
 W - a wand of roots (59)
Scrolls
 d - 2 scrolls of poison
 h - 8 scrolls of fog
 k - 44 scrolls of teleportation
 l - 8 scrolls of fear
 u - 4 scrolls of vulnerability
 z - 9 scrolls of blinking
 B - 5 scrolls of silence
 D - 8 scrolls of immolation
 O - 3 scrolls of enchant weapon
 R - 6 scrolls of summoning
Potions
 a - 9 potions of lignification
 j - 18 potions of heal wounds
 o - 29 potions of curing
 s - 11 potions of enlightenment
 v - 12 potions of attraction
 w - 8 potions of cancellation
 A - 10 potions of might
 C - 5 potions of resistance
 H - 3 potions of berserk rage
 I - 4 potions of magic
 K - 5 potions of invisibility
 T - 15 potions of ambrosia
 X - a potion of mutation
Miscellaneous
 V - a condenser vane
 Y - a lightning rod (4/4)


   Skills:
 O Level 27 Fighting
 O Level 27 Dodging
 - Level 20.0 Stealth
 * Level 20.3 Shields
 O Level 27 Unarmed Combat
 - Level 13.0 Invocations
 * Level 22.1 Evocations
 - Level 25.0 Shapeshifting


You had 26 spell levels left.
You didn't know any spells.
Your spell library contained the following spells:

 Spells                   Type           Power      Damage    Failure   Level
 Apportation              Tloc           0%         N/A       6%          1
 Foxfire                  Conj/Fire      0%         2x1d4     6%          1
 Freeze                   Ice            0%         1d3       6%          1
 Kiss of Death            Conj/Necr      0%         2d5       6%          1
 Magic Dart               Conj           0%         1d3       6%          1
 Necrotise                Necr           0%         1d4       6%          1
 Sandblast                Erth           0%         2d4       6%          1
 Shock                    Conj/Air       0%         1d3       6%          1
 Slow                     Hex            0%         N/A       6%          1
 Sting                    Tmut/Pois      0%         1d3       6%          1
 Blink                    Tloc           0%         N/A       9%          2
 Call Imp                 Summ           0%         N/A       9%          2
 Ensorcelled Hibernation  Hex/Ice        0%         N/A       9%          2
 Lesser Beckoning         Tloc           0%         N/A       9%          2
 Momentum Strike          Conj/Tloc      0%         3d8       9%          2
 Passwall                 Tmut/Erth      0%         N/A       9%          2
 Poisonous Vapours        Pois/Air       0%         N/A       9%          2
 Scorch                   Fire           0%         2d5       9%          2
 Static Discharge         Conj/Air       0%         2-2/arc   9%          2
 Wereblood                Tmut           0%         N/A       9%          2
 Confusing Touch          Hex            0%         N/A       19%         3
 Dazzling Flash           Conj/Hex       0%         N/A       19%         3
 Frozen Ramparts          Ice            0%         1d1       19%         3
 Gell's Gravitas          Tloc           0%         N/A       19%         3
 Hailstorm                Conj/Ice       0%         3d3       19%         3
 Ignite Poison            Fire/Tmut/Pois 0%         N/A       19%         3
 Inner Flame              Hex/Fire       0%         N/A       19%         3
 Mephitic Cloud           Conj/Pois/Air  0%         N/A       19%         3
 Portal Projectile        Hex/Tloc       0%         N/A       19%         3
 Stone Arrow              Conj/Erth      0%         3d7       19%         3
 Summon Guardian Golem    Hex/Summ       0%         N/A       19%         3
 Swiftness                Air            0%         N/A       19%         3
 Teleport Other           Tloc           0%         N/A       19%         3
 Tukima's Dance           Hex            0%         N/A       19%         3
 Vampiric Draining        Necr           0%         2d6       19%         3
 Airstrike                Air            0%         2d(0-16)  52%         4
 Anguish                  Hex/Necr       0%         N/A       52%         4
 Animate Dead             Necr           0%         N/A       52%         4
 Cause Fear               Hex            0%         N/A       52%         4
 Dispel Undead            Necr           0%         3d6       52%         4
 Flame Wave               Conj/Fire      0%         2d4       52%         4
 Iskenderun's Mystic Bla  Conj/Tloc      0%         2d3       52%         4
 Leda's Liquefaction      Hex/Erth       0%         N/A       52%         4
 Manifold Assault         Tloc           0%         N/A       52%         4
 Passage of Golubria      Tloc           0%         N/A       52%         4
 Sticky Flame             Conj/Fire      0%         2d3       52%         4
 Summon Ice Beast         Ice/Summ       0%         N/A       52%         4
 Summon Lightning Spire   Summ/Air       0%         N/A       52%         4
 Agony                    Necr           0%         N/A       86%         5
 Alistair's Intoxication  Tmut/Pois      0%         N/A       86%         5
 Borgnjor's Vile Clutch   Necr/Erth      0%         N/A       86%         5
 Fireball                 Conj/Fire      0%         3d3       86%         5
 Freezing Cloud           Conj/Ice/Air   0%         6-21      86%         5
 Irradiate                Conj/Tmut      0%         3d11      86%         5
 Iskenderun's Battlesphe  Conj           0%         2d6       86%         5
 Lee's Rapid Deconstruct  Erth           0%         3d4*      86%         5
 Metabolic Englaciation   Hex/Ice        0%         N/A       86%         5
 Silence                  Hex/Air        0%         N/A       86%         5
 Summon Forest            Summ/Tloc      0%         N/A       86%         5
 Summon Mana Viper        Hex/Summ       0%         N/A       86%         5
 Yara's Violent Unravell  Hex/Tmut       0%         3d3       86%         5
 Conjure Ball Lightning   Conj/Air       0%         3x3d6     100%        6
 Death Channel            Necr           0%         N/A       100%        6
 Dispersal                Tloc           0%         N/A       100%        6
 Eringya's Noxious Bog    Tmut/Pois      0%         4d6       100%        6
 Plasma Beam              Fire/Air       0%         2x1d10    100%        6
 Simulacrum               Ice/Necr       0%         N/A       100%        6
 Starburst                Conj/Fire      0%         6d3       100%        6
 Summon Cactus Giant      Summ           0%         N/A       100%        6
 Enfeeble                 Hex            0%         N/A       100%        7
 Haunt                    Necr/Summ      0%         N/A       100%        7
 Malign Gateway           Summ/Tloc      0%         N/A       100%        7
 Monstrous Menagerie      Summ           0%         N/A       100%        7
 Orb of Destruction       Conj           0%         9d5       100%        7
 Ozocubu's Refrigeration  Ice            0%         4d7       100%        7
 Spellforged Servitor     Conj/Summ      0%         N/A       100%        7
 Summon Hydra             Summ           0%         N/A       100%        7
 Borgnjor's Revivificati  Necr           0%         N/A       100%        8
 Disjunction              Tloc           0%         N/A       100%        8
 Ignition                 Fire           0%         3d3       100%        8
 Lehudib's Crystal Spear  Conj/Erth      0%         10d2      100%        8
 Summon Horrible Things   Summ           0%         N/A       100%        8
 Death's Door             Necr           0%         N/A       100%        9
 Dragon's Call            Summ           0%         N/A       100%        9
 Polar Vortex             Ice            0%         N/A       100%        9
 Sublimation of Blood     Necr           Unusable   N/A       N/A         2
 Animate Armour           Summ/Erth      Unusable   N/A       N/A         4

Dungeon Overview and Level Annotations

Branches:
Dungeon (15/15)            Temple (1/1) D:7            Lair (5/5) D:11
  Swamp (4/4) Lair:3        Snake (4/4) Lair:3        Slime (5/5) Lair:5
    Orc (2/2) D:10            Elf (3/3) Orc:2        Vaults (5/5) D:14
  Crypt (3/3) Vaults:3       Tomb (2/3) Crypt:3      Depths (4/4) D:15
   Hell (visited)             Dis (7/7) Hell            Geh (7/7) Hell
    Coc (6/7) Hell            Tar (7/7) Hell            Zot (5/5) Depths:4
 Bailey (visited)         Volcano (visited)

Altars:
Ashenzari
Cheibriados
Dithmenos
Elyvilon
Fedhas
Gozag
Hepliaklqana
Kikubaaqudgha
Makhleb
Nemelex Xobeh
Okawaru
Qazlal
Ru
Sif Muna
Trog
Uskayaw
Vehumet
Wu Jian
Xom
Yredelemnul
Zin
The Shining One
Jiyva

Shops:
D:6 ![   D:14 *   D:15 (   Orc:1 ([=   Orc:2 [*[=(   Elf:2 (=[   Snake:4 *!!**
Vaults:1 [

Portals:
Hell: Depths:1 Depths:2 Depths:3 Depths:4
Abyss: Depths:3
Pandemonium: Depths:1 Depths:2
Ziggurat: Depths:4
Trove: D:11 (give +4 demon blade)

Annotations:
D:8 4 transporters


Innate Abilities, Weirdness & Mutations

You are a living statue of rough stone.
Your actions are slow, but your melee attacks are powerful.
You are resistant to unholy torment.
Your maximum health is greatly increased.
You cannot wear most types of armour.
You are amphibious.
You can wear up to eight rings at the same time.
You are immune to poison.
Your skin blends seamlessly with your surroundings (Stealth++).
((Your rubbery body absorbs attacks. (AC +1, EV +1)))
((You are camouflaged when in or above water. (Stealth+)))
You have tentacles for arms and can constrict up to eight enemies at once.
You have a pair of small antennae on your head.
One of your tentacles bears a spike.
Your mind is acute. (Int +4, Str/Dex -1)
You are frail. (-10% HP)
You occasionally shout uncontrollably at your foes.
You are resistant to electric shocks. (rElec)


Message History

You thrash the demonspawn corrupter!!!!!
You kill the demonspawn corrupter!
Cheibriados appreciates the change of pace.
The sphinx disappears in a puff of smoke!
The moth of wrath disappears in a puff of smoke!
You start waiting.
A Byggygh, a sixfirhy, an orange demon and a large abomination come into view.
You yell at the large abomination!
You block the sixfirhy's attack.
You thrash Byggygh!!!!
You pierce Byggygh, but do no damage.
Byggygh is severely wounded.
You thrash Byggygh!!!!
You kill Byggygh!
Cheibriados thoroughly appreciates the change of pace.
The sixfirhy closely misses you. You block the sixfirhy's attack. x3
The orange demon completely misses you.
You thrash the sixfirhy!!! Your grab misses the sixfirhy.
Your tentacle spike misses the sixfirhy.
Your tentacle-slap misses the sixfirhy.
Your squeeze misses the sixfirhy.
The sixfirhy is almost dead.
You block the sixfirhy's attack. x3; The orange demon completely misses you.
You barely miss the sixfirhy. Your grab misses the sixfirhy.
You pierce the sixfirhy.
The sixfirhy is almost dead.
You miss the sixfirhy. Your grab misses the sixfirhy.
Your tentacle spike misses the sixfirhy.
Your tentacle-slap misses the sixfirhy.
You squeeze the sixfirhy!
You kill the sixfirhy!
Cheibriados thoroughly appreciates the change of pace.
You block the orange demon's attack. The orange demon completely misses you.
You block the orange demon's attack. x5
There is a broken door, spattered with blood here.
Items here: ))))))))) = [[[[[[[[[.
You thrash the orange demon!!!!
You kill the orange demon!
Cheibriados thoroughly appreciates the change of pace.
No reachable target in view!
There is a staircase leading out of the dungeon, spattered with blood here.
You see here a +0 robe.
You have escaped!

###.#####..#########
##..)..###...##...##
##.......#..........#
##....................
#.....................
#..[..................
#..⌠...⌠.............#
##..###.^............#
#..#8#...........#...
#..#X#.......).......
#.⌠)))⌠..............
#....................
####................#..#
#(....................##
#..........#########.###
#...........>...####.#
#.......#######......###


You could see a large abomination.

Vanquished Creatures
  Asmodeus (Geh:7)
  the Royal Jelly (Slime:5)
  Ereshkigal (Tar:7)
  A seraph (D:1)
  Dispater (Dis:7)
  10 dread liches
  8 ancient liches
  5 orbs of fire
  Mennas (Crypt:3)
  Mara (Vaults:2)
  3 juggernauts
  Boris (twice) (Vaults:5 Tomb:1)
  Bai Suzhen (Vaults:2)
  A royal mummy (Tomb:1)
  Frederick (Vaults:4)
  8 Killer Klowns
  3 shard shrikes (Coc:1)
  Vv (Zot:2)
  Saint Roka (Depths:3)
  Geryon (Hell)
  Xtahua (Vaults:2)
  14 golden dragons
  27 caustic shrikes
  12 profane servitors
  16 bone dragons
  23 Tzitzimimeh
  Nikola (Vaults:1)
  2 spectral shard shrikes
  11 pandemonium lords
  11 Brimstone Fiends
  3 electric golems
  4 doom hounds
  A shard shrike zombie (Tomb:1)
  38 Hell Sentinels
  12 iron giants
  11 tentacled monstrosities
  13 hellephants
  A walking earthen tome (Depths:3)
  Zenata (Vaults:2)
  6 liches
  39 Orb Guardians
  3 deep elf blademasters
  12 Ice Fiends
  A walking divine tome (Depths:3)
  13 titans
  22 tainted leviathans
  2 shard shrike skeletons (Crypt:3)
  18 searing wretches
  18 quicksilver dragons
  2 deep elf master archers (Elf:3)
  6 death cobs
  16 acid blobs
  Gastronok (Orc:1)
  22 ancient champions
  14 sphinxes
  6 Executioners (D:1)
  A thorn hunter (Swamp:4)
  6 tentacled starspawn
  Aizul (Elf:3)
  14 storm dragons
  9 tengu reavers
  8 shadow dragons
  Donald (Elf:3)
  8 draconian monks
  3 revenants
  The ghost of Lanyett the Spry, an adept OpSh of Hepliaklqana (Snake:4)
  24 fire giants
  3 nagarajas (Snake:4)
  10 frost giants
  10 azure jellies
  14 rockslimes
  3 narguns
  9 draconian knights
  A fenstrider witch (Swamp:3)
  A demonspawn warmonger (D:1)
  7 angels
  18 vault wardens
  20 quicksilver elementals
  5 deep elf sorcerers
  17 draconian scorchers
  3 cacodemons
  3 iron dragons
  A spectral caustic shrike (Tar:3)
  4 shard shrike simulacra
  A curse skull (Crypt:3)
  A caustic shrike zombie (Crypt:3)
  2 deep elf elementalists
  5 draconian shifters
  3 spectral juggernauts
  Louise (Depths:3)
  A ghost moth (Zot:3)
  23 balrugs
  16 draconian stormcallers
  A demonspawn corrupter (D:1)
  2 demonspawn blood saints (D:3)
  2 orc warlords
  17 reapers
  A formless jellyfish (Vaults:1)
  13 ghouls
  A spriggan defender (Depths:3)
  30 war gargoyles
  26 very ugly things
  12 quicksilver oozes
  18 stone giants
  3 caustic shrike skeletons
  9 ironbound thunderhulks
  An ophan (Abyss:3)
  11 draconian annihilators
  11 vampire knights
  5 eleionomae (Swamp:2)
  38 putrid mouths
  14 black draconians
  12 green draconians
  14 elemental wellsprings
  14 yellow draconians
  20 ironbound preservers
  A demonspawn black sun (D:1)
  5 lorocyprocas
  10 red draconians
  4 deep elf demonologists
  8 purple draconians
  10 white draconians
  A spectral titan (Geh:4)
  4 bunyips
  4 spark wasps (Depths:4)
  7 wendigos
  The ghost of Seven7 the Fighter, a journeyman MiFi of Gozag (Lair:2)
  11 dire elephants
  The ghost of wpisznazwe the Basher, a journeyman DsFi of Hepliaklqana (Orc:2)
  6 deep elf annihilators
  A blizzard demon (D:3)
  5 crystal guardians
  A green death (D:8)
  8 mummy priests (Tomb:1)
  8 deep elf death magi
  14 jiangshi
  7 deep elf high priests
  8 ettins
  20 iron golems
  A spectral iron giant (Tar:4)
  14 yaktaur captains
  10 spectral spriggans
  An entropy weaver (shapeshifter) (Elf:1)
  Josephine (Lair:5)
  2 shambling mangroves (Swamp:4)
  3 entropy weavers
  A fenstrider witch zombie (Crypt:3)
  33 vault guards
  5 ice dragons
  7 eidola
  6 fire dragons
  18 great orbs of eyes
  A spriggan zombie (Tomb:1)
  Fannar (D:11)
  18 hydras
  7 caustic shrike simulacra
  A spriggan air mage (Depths:4)
  14 salamander tyrants
  7 rakshasas
  A hell beast (D:1)
  3 juggernaut simulacra
  3 catoblepae
  A spriggan skeleton (Crypt:2)
  12 anacondas
  2 peacekeepers
  15 stokers
  2 spectral stone giants
  An Orb Guardian zombie (Crypt:2)
  5 alligators
  7 centaur warriors
  4 boulder beetles
  35 dancing weapons
  6 ghost crabs
  9 death knights
  12 ironbound frosthearts
  An ogre mage (Vaults:5)
  10 two-headed ogres
  10 death scarabs (Tomb:2)
  6 naga warriors
  8 deep troll shamans
  An Orb Guardian skeleton (Crypt:1)
  4 deep troll earth magi
  61 hell hogs
  11 thrashing horrors
  8 death yaks
  11 tengu warriors
  A spectral storm dragon (Tar:1)
  5 hell knights
  10 naga sharpshooters
  10 vampire magi
  4 spectral dire elephants
  8 soul eaters
  9 shock serpents
  5 orc high priests
  9 wretched stars (Abyss:3)
  13 iron trolls
  9 crystal echidnas
  30 skeletal warriors
  17 deep elf knights
  2 fire crabs (Abyss:3)
  4 spriggan berserkers
  28 shadow wraiths
  A spectral death yak (Lair:3)
  15 sun demons
  6 sixfirhies
  5 salamander mystics
  2 bunyip zombies
  6 goliath frogs
  An obsidian statue (Snake:4)
  4 naga ritualists
  An iron giant zombie (Abyss:2)
  7 spriggan druids
  A spectral anaconda (Tar:1)
  2 skysharks
  68 deep trolls
  4 quicksilver dragon simulacra
  2 cherubim (D:1)
  21 large abominations
  A deep troll (shapeshifter) (Vaults:4)
  9 bog bodies
  5 spriggan simulacra
  5 glowing orange brains
  8 shadow demons
  An orange crystal statue (Depths:1)
  16 wizards
  4 harpies (Vaults:3)
  2 spectral hydras
  13 swamp dragons
  5 flayed ghosts
  13 deep elf archers
  10 lindwurms
  22 ironbound convokers
  26 deep elf zephyrmancers
  A wolf spider zombie (Crypt:1)
  8 phantasmal warriors
  A fenstrider witch simulacrum (Coc:1)
  11 mana vipers
  8 orc knights
  9 orc sorcerers
  7 necromancers
  4 cyclopes
  A cyclops (shapeshifter) (Vaults:4)
  5 manticores
  38 ugly things
  32 deep elf pyromancers
  An eleionoma zombie (Crypt:2)
  6 shining eyes
  26 salamanders
  3 spectral ettins
  17 moths of wrath
  2 will-o-the-wisps (Swamp:2)
  A tengu skeleton (Tomb:1)
  A wolf spider (Lair:5)
  A goliath frog skeleton (Crypt:2)
  5 toenail golems (Volcano)
  4 worldbinders
  3 naga zombies
  5 fire giant skeletons (Crypt:3)
  19 elephants
  15 naga magi
  A dire elephant zombie (Crypt:3)
  29 black mambas
  A stone giant skeleton (Tomb:1)
  18 vault sentinels
  8 molten gargoyles (Geh:7)
  A titan simulacrum (Hell)
  3 ice statues
  5 gargoyles
  A guardian serpent (shapeshifter) (Depths:4)
  7 rust devils
  10 guardian serpents
  4 orange demons
  A cane toad (shapeshifter) (D:13)
  17 cane toads
  6 smoke demons
  8 eyes of devastation
  A catoblepas zombie (Crypt:1)
  A torpor snail (Lair:1)
  4 naga skeletons
  A yaktaur (shapeshifter) (Vaults:5)
  8 rime drakes
  19 tormentors
  23 hellions
  12 komodo dragons
  12 freezing wraiths
  A centaur skeleton (Crypt:3)
  8 unseen horrors
  37 yaktaurs
  2 anaconda simulacra
  A bunyip simulacrum (Coc:1)
  7 ice devils
  Maggie (D:7)
  5 spectral nagas
  2 kobold demonologists
  A spectral demonspawn (Tar:1)
  2 efreet
  A queen bee (D:10)
  A mana viper zombie (Crypt:1)
  9 guardian mummies (Tomb:1)
  6 tengu conjurers
  3 hellwings
  3 spectral harpies
  4 red devils
  4 iron giant simulacra
  2 silent spectres
  A troll (Orc:1)
  2 harpy zombies
  8 ancient zymes
  3 meliai (D:13)
  A polar bear (Lair:1)
  A bloated husk (Swamp:2)
  A tengu simulacrum (Crypt:1)
  3 tyrant leeches
  2 harpy skeletons (Crypt:3)
  A spectral elephant (Lair:3)
  A tarantella (Vaults:2)
  A draconian simulacrum (Coc:2)
  11 hornets
  Prince Ribbit (D:9)
  A stone giant simulacrum (Coc:3)
  10 blink frogs (Lair:3)
  17 raiju
  8 dream sheep
  An ettin skeleton (Crypt:3)
  A dream sheep (shapeshifter) (Depths:3)
  2 iron dragon simulacra
  A black mamba zombie (Tomb:1)
  An air elemental (Elf:2)
  A jumping spider (Vaults:1)
  A spectral black mamba (Lair:3)
  4 ushabtiu (Tomb:1)
  12 flying skulls
  13 wyverns
  5 water elementals (Elf:1)
  11 fire dragon skeletons (Crypt:3)
  117 slime creatures
  10 ynoxinuls
  9 spriggans
  16 wraiths
  A slime creature zombie (Crypt:2)
  5 shadows
  A human (D:14)
  4 vampires (Crypt:3)
  4 dire elephant simulacra
  Grum (Lair:1)
  3 fire elementals
  6 golden eyes
  66 yaks
  4 neqoxecs
  5 basilisks
  2 steam dragons
  4 redbacks
  3 black mamba skeletons
  17 vampire mosquitoes
  9 chaos spawn
  5 harpy simulacra
  A demonspawn zombie (Crypt:2)
  3 wargs
  25 nagas
  A naga (shapeshifter) (Abyss:2)
  A hydra simulacrum (Coc:1)
  15 swamp worms
  3 acid dragons
  22 water moccasins
  3 sky beasts
  An ice beast (D:6)
  16 small abominations
  59 orc warriors
  16 swamp drakes
  3 ettin simulacra
  A merfolk simulacrum (Coc:1)
  2 black bears
  An ogre (shapeshifter) (D:13)
  An ice dragon simulacrum (Coc:1)
  21 wolves
  4 ogres
  12 centaurs
  A spectral rime drake (Lair:3)
  43 starcursed masses
  A phantom (D:6)
  2 kobold brigands (D:10)
  2 naga simulacra
  10 bullfrogs
  2 earth elementals
  4 gnoll sergeants
  2 scorpions
  8 necrophages
  An elf skeleton (Crypt:1)
  A yaktaur skeleton (Crypt:2)
  8 wights
  A cyclops skeleton (Crypt:1)
  30 killer bees
  A polar bear zombie (Crypt:1)
  6 howler monkeys
  A swamp dragon simulacrum (Coc:1)
  7 electric eels
  An oklob sapling (D:7)
  A wolf zombie (Crypt:1)
  A polar bear skeleton (Crypt:1)
  A crimson imp (Abyss:3)
  A wolf skeleton (Crypt:1)
  6 quasits (Abyss:1)
  24 orc priests
  4 hounds
  2 iron imps
  A black bear zombie (Crypt:2)
  A sleepcap (D:6)
  2 iguanas (D:6)
  31 orc wizards
  11 hell rats
  21 mummies (Tomb:1)
  21 gnolls
  A river rat (D:11)
  2 adders
  2 swamp drake skeletons
  2 shadow imps
  6 white imps
  2 ufetubi
  A worm (D:3)
  A dart slug (D:4)
  101 orcs
  7 ball pythons
  4 bats
  2 endoplasms
  3 giant cockroaches
  18 goblins
  6 hobgoblins
  20 kobolds
  2 quokkas
  A frilled lizard (D:2)
  An orc skeleton (Crypt:2)
  A quokka zombie (Crypt:2)
  9 rats
  A ball lightning (D:1)
  16 fire vortices
  2 starspawn tentacles (Abyss:3)
3618 creatures vanquished.

Vanquished Creatures (others)
  An orb of fire (Zot:5)
  A lich (Abyss:3)
  An Ice Fiend (Coc:4)
  A shadow dragon (Zot:5)
  A shard shrike simulacrum (Coc:5)
  A war gargoyle (Dis:7)
  An elemental wellspring (Coc:6)
  A red draconian (Zot:5)
  A hydra (Swamp:1)
  A caustic shrike simulacrum (Coc:4)
  2 juggernaut simulacra (Coc:4)
  An alligator (Swamp:3)
  A spriggan berserker (Swamp:4)
  2 deep elf knights
  A wizard (Vaults:3)
  A swamp dragon (Swamp:3)
  2 ironbound convokers (Vaults:1)
  A deep elf pyromancer (Elf:1)
  A titan simulacrum (Coc:4)
  A rime drake (Lair:2)
  A hellion (Dis:6)
  A freezing wraith (Coc:4)
  An anaconda simulacrum (Coc:4)
  An ice devil (D:1)
  An iron giant simulacrum (Coc:4)
  A bloated husk (Swamp:1)
  2 naga simulacra
  A chaos spawn (D:1)
  5 harpy simulacra
  An ettin simulacrum (Coc:4)
  A boggart (Vaults:1)
  An iguana (shapeshifter) (Abyss:1)
  An orc (Vaults:5)
  2 ball lightnings (D:1)
  11 creeping infernos
  18 foxfires (Swamp:2)
  11 starspawn tentacles (Abyss:3)
83 creatures vanquished.

Grand Total: 3701 creatures vanquished

Notes
Turn   | Place    | Note
-------+----------+-------------------------------------------
     0 | D:1      | CrazyBamboolord the Octopode Shapeshifter began the quest
                  | for the Orb.
     0 | D:1      | Reached XP level 1. HP: 13/13 MP: 1/1
   203 | D:1      | Reached XP level 2. HP: 18/18 MP: 2/2
   346 | D:1      | Found a faded altar of an unknown god.
   651 | D:2      | Identified the +4 sling of Abomination {drain, rCorr}
   965 | D:2      | Reached XP level 3. HP: 20/23 MP: 3/3
  1249 | D:3      | Reached XP level 4. HP: 28/28 MP: 4/4
  1686 | D:3      | Identified 2 scrolls of acquirement
  1686 | D:3      | Acquired the +1 hat of Vagasimp {Regen+ Str+2}
  2247 | D:4      | Noticed a scorpion
  2254 | D:4      | Killed a scorpion
  2255 | D:4      | Reached skill level 5 in Shapeshifting
  2255 | D:4      | Reached XP level 5. HP: 12/33 MP: 5/5
  2755 | D:5      | Entered Level 5 of the Dungeon
  2795 | D:5      | Noticed a black bear
  2804 | D:5      | Killed a black bear
  2805 | D:5      | Reached XP level 6. HP: 18/38 MP: 6/6
  3065 | D:5      | Noticed a water moccasin
  3072 | D:5      | Killed a water moccasin
  3073 | D:5      | Reached XP level 7. HP: 20/43 MP: 7/7
  3388 | D:5      | Found a shimmering altar of Xom.
  3671 | D:6      | Found Hoaggi's Distillery.
  3674 | D:6      | Found Vayrchomn's Armour Emporium.
  3675 | D:6      | Bought a potion of haste for 100 gold pieces
  3675 | D:6      | Bought a potion of heal wounds for 50 gold pieces
  3822 | D:6      | Acquired 925 gold pieces
  3826 | D:6      | Bought a potion of experience for 500 gold pieces
  3826 | D:6      | Reached XP level 8. HP: 48/48 MP: 8/8
  4019 | D:6      | Reached XP level 9. HP: 44/53 MP: 9/9
  4086 | D:6      | Identified the +10 falchion "Itwipsik" {flame, Fly rPois
                  | rF++ Dex-5}
  4766 | D:7      | Reached skill level 5 in Unarmed Combat
  4905 | D:7      | Noticed Maggie
  4912 | D:7      | Killed Maggie
  5051 | D:7      | Found an opulent altar of Gozag.
  5073 | D:7      | Found a staircase to the Ecumenical Temple.
  5190 | Temple   | Entered the Ecumenical Temple
  5243 | Temple   | Became a worshipper of Cheibriados the Contemplative
  6181 | D:6      | Reached XP level 10. HP: 30/58 MP: 10/10
  6187 | D:6      | Bought a +1 kite shield of protection for 231 gold pieces
  6497 | D:8      | Found a sparkling altar of Nemelex Xobeh.
  6565 | D:8      | Reached * piety under Cheibriados
  6835 | D:8      | Found a transporter.
  6846 | D:8      | Found a transporter.
  6849 | D:8      | Found a transporter.
  6883 | D:8      | Found a transporter.
  7679 | D:9      | Reached ** piety under Cheibriados
  7687 | D:9      | Found a shimmering blue altar of Sif Muna.
  7690 | D:9      | Reached skill level 1 in Invocations
  7700 | D:9      | Noticed Prince Ribbit
  7718 | D:9      | Found a flagged portal.
  7721 | D:9      | Killed Prince Ribbit
  7728 | Bailey   | Entered a bailey
  7967 | Bailey   | Noticed an orc sorcerer
  7980 | Bailey   | Noticed a smoke demon
  7982 | Bailey   | Killed an orc sorcerer
  8151 | Bailey   | Reached *** piety under Cheibriados
  8171 | Bailey   | Reached XP level 11. HP: 67/67 MP: 12/12
  8250 | Bailey   | Found an iron altar of Okawaru.
  8250 | Bailey   | Noticed an orc high priest
  8255 | Bailey   | Killed an orc high priest
  8281 | Bailey   | Identified the +3 short sword "Puklal" {venom, Dex+3}
  8640 | D:9      | Found a sacrificial altar of Ru.
  8651 | D:9      | Found a blossoming altar of Fedhas.
  8829 | D:9      | Reached skill level 1 in Shields
  8892 | D:10     | Entered Level 10 of the Dungeon
  8919 | D:10     | Reached skill level 5 in Dodging
  8970 | D:10     | Found a basalt altar of Yredelemnul.
  8976 | D:10     | Found a white marble altar of Elyvilon.
  8976 | D:10     | Found a radiant altar of Vehumet.
  8977 | D:10     | Found a shadowy altar of Dithmenos.
  9007 | D:10     | Reached **** piety under Cheibriados
  9136 | D:10     | You fall into a shaft and drop 2 floors!
  9180 | D:12     | Noticed a brown ugly thing
  9183 | D:12     | Killed a brown ugly thing
  9185 | D:12     | Reached ***** piety under Cheibriados
  9266 | D:12     | Noticed a cyclops
  9275 | D:12     | Killed a cyclops
  9340 | D:12     | Noticed a purple ugly thing
  9344 | D:12     | Noticed a boulder beetle
  9416 | D:12     | Killed a boulder beetle
  9462 | D:11     | Reached XP level 12. HP: 74/74 MP: 14/14
  9532 | D:10     | Found a staircase to the Orcish Mines.
  9585 | D:10     | Noticed a soul eater
  9749 | D:10     | Reached skill level 10 in Unarmed Combat
  9765 | D:10     | Reached ****** piety under Cheibriados
 10090 | D:11     | Noticed Fannar
 10094 | D:11     | Killed Fannar
 10116 | D:11     | Noticed a two-headed ogre
 10119 | D:11     | Killed a two-headed ogre
 10137 | D:11     | Noticed a death yak
 10138 | D:11     | Noticed a death yak
 10140 | D:11     | Killed a death yak
 10140 | D:11     | Noticed a death yak
 10143 | D:11     | Killed a death yak
 10148 | D:11     | Killed a death yak
 10149 | D:11     | Reached skill level 5 in Fighting
 10217 | D:11     | Noticed a vault guard
 10234 | D:11     | Found a staircase to the Lair.
 10239 | D:11     | Killed a vault guard
 10595 | D:11     | Found a portal to a secret trove of treasure.
 10653 | Lair:1   | Entered Level 1 of the Lair of Beasts
 10662 | Lair:1   | Noticed Grum
 10676 | Lair:1   | Killed Grum
 10813 | Lair:1   | Reached XP level 13. HP: 81/81 MP: 16/16
 10819 | Lair:1   | Reached skill level 5 in Shields
 10893 | Lair:1   | Identified the +8 shortbow of Jaheof {freeze, Str+2}
 10939 | Lair:1   | Reached skill level 5 in Invocations
 11412 | Lair:2   | Noticed Seven7's ghost (journeyman MiFi)
 11414 | Lair:2   | Found a transporter.
 11664 | Lair:2   | Found a transporter.
 12366 | Lair:3   | Acquired 764 gold pieces
 12370 | Lair:3   | Acquired the ring "Qiskeaqe" {rPois rC+ EV+5 Dex+3}
 12573 | Lair:3   | Found a staircase to the Snake Pit.
 12730 | Lair:3   | Reached XP level 14. HP: 90/90 MP: 18/18
 12739 | Lair:3   | Found a staircase to the Swamp.
 13469 | Lair:4   | Acquired the +18 shield of the Gong {Loud rN+ Will+ rCorr
                  | EV-5}
 13469 | Lair:4   | Found the +18 shield of the Gong {Loud rN+ Will+ rCorr
                  | EV-5}
 13471 | Lair:4   | Acquired a manual of Shields
 13480 | Lair:5   | Entered Level 5 of the Lair of Beasts
 13728 | Lair:5   | Noticed Josephine
 13738 | Lair:5   | Killed Josephine
 13788 | Lair:5   | Reached skill level 10 in Dodging
 13788 | Lair:5   | Reached skill level 10 in Shields
 13816 | Lair:5   | Reached XP level 15. HP: 97/97 MP: 20/20
 14678 | Lair:5   | Found a viscous altar of Jiyva.
 14680 | Lair:5   | Found a staircase to the Slime Pits.
 14944 | Orc:1    | Entered Level 1 of the Orcish Mines
 14961 | Orc:1    | Found Terhan's Armour Shoppe.
 14991 | Orc:1    | Found a dark tunnel.
 14996 | Volcano  | Entered a volcano
 15496 | Orc:1    | Found Dili's Jewellery Shoppe.
 15512 | Orc:1    | Noticed Gastronok
 15521 | Orc:1    | Killed Gastronok
 15745 | Orc:2    | Entered Level 2 of the Orcish Mines
 15745 | Orc:2    | Found a staircase to the Elven Halls.
 15754 | Orc:2    | Found a transporter.
 15755 | Orc:2    | Noticed wpisznazwe's ghost (journeyman DsFi)
 15764 | Orc:2    | Found a transporter.
 15976 | Orc:2    | Noticed an orc warlord
 15991 | Orc:2    | Killed an orc warlord
 16117 | Orc:2    | Found Osavem's General Store.
 16118 | Orc:2    | Found Eni Puygh's Jewellery Shoppe.
 16120 | Orc:2    | Found Hon Ugru's Antique Armour Shoppe.
 16120 | Orc:2    | Found Bymatolu's Antique Weapon Emporium.
 16125 | Orc:2    | Bought a ring of resist corrosion for 240 gold pieces
 16127 | Orc:2    | Bought the ring "Hisutufe" {rF++ Str+6 SInv} for 841 gold
                  | pieces
 16239 | Orc:2    | Found Emog's Armour Emporium.
 16710 | Orc:2    | Killed wpisznazwe's ghost
 16711 | Orc:2    | Reached XP level 16. HP: 95/105 MP: 22/22
 17545 | Orc:2    | Bought an amulet of regeneration for 390 gold pieces
 18221 | Swamp:1  | Entered Level 1 of the Swamp
 18741 | Swamp:2  | Reached skill level 15 in Shapeshifting
 19358 | Swamp:3  | Reached XP level 17. HP: 93/114 MP: 17/23
 19729 | Swamp:4  | Entered Level 4 of the Swamp
 19916 | Swamp:4  | Reached skill level 10 in Fighting
 20013 | Swamp:4  | Identified the +7 dire flail of Grandeur {heavy, Will++}
 20088 | Swamp:4  | Identified the +9 long sword of Kielagup {heavy, rPois
                  | Int+4}
 20238 | Swamp:4  | Got a decaying rune of Zot
 20486 | Snake:1  | Entered Level 1 of the Snake Pit
 23038 | Snake:3  | Reached XP level 18. HP: 122/122 MP: 24/24
 23112 | Snake:4  | Entered Level 4 of the Snake Pit
 23112 | Snake:4  | Found Doesk's Distillery.
 23173 | Snake:4  | Found Orusefio's Distillery.
 23173 | Snake:4  | Found Iteitrepoh's General Store.
 23209 | Snake:4  | Bought a potion of curing for 51 gold pieces
 23209 | Snake:4  | Bought a potion of invisibility for 136 gold pieces
 23209 | Snake:4  | Bought a potion of invisibility for 136 gold pieces
 23209 | Snake:4  | Bought a potion of curing for 51 gold pieces
 23209 | Snake:4  | Bought a potion of curing for 51 gold pieces
 23209 | Snake:4  | Bought a potion of cancellation for 136 gold pieces
 23215 | Snake:4  | Bought a scroll of enchant weapon for 90 gold pieces
 23247 | Snake:4  | Bought 2 potions of mutation for 272 gold pieces
 23247 | Snake:4  | Bought a potion of mutation for 136 gold pieces
 23247 | Snake:4  | Bought 2 potions of heal wounds for 170 gold pieces
 23247 | Snake:4  | Bought a potion of resistance for 170 gold pieces
 23256 | Snake:4  | Found Xeapebab's CLEARANCE SALE!.
 23397 | Snake:4  | Found a runed translucent gate.
 23398 | Snake:4  | Found a runed translucent gate.
 23399 | Snake:4  | Found an opulent altar of Gozag.
 23400 | Snake:4  | Found a runed translucent gate.
 23402 | Snake:4  | Noticed Lanyett's ghost (adept OpSh)
 23406 | Snake:4  | Found Lastraela's Assorted Antiques.
 23687 | Snake:4  | Got a serpentine rune of Zot
 23890 | Snake:4  | Killed Lanyett's ghost
 23953 | Snake:4  | Bought a potion of cancellation for 264 gold pieces
 23953 | Snake:4  | Bought a scroll of blinking for 247 gold pieces
 23953 | Snake:4  | Bought a scroll of teleportation for 99 gold pieces
 23953 | Snake:4  | Bought a scroll of teleportation for 99 gold pieces
 23965 | Snake:4  | Upgraded the game from 0.31-a0-614-gc85dc1c48c to
                  | 0.31-a0-620-gd1cbd99268
 24380 | D:14     | Found a gate to the Vaults.
 24424 | D:14     | Found Tifod's General Store.
 24427 | D:14     | Bought a wand of roots (5) for 204 gold pieces
 24427 | D:14     | Bought a potion of curing for 51 gold pieces
 24694 | D:15     | Entered Level 15 of the Dungeon
 24837 | D:15     | Found an ornate altar of the Wu Jian Council.
 24976 | D:15     | Found a staircase to the Depths.
 25269 | D:15     | Found Caut Pabb's Weapon Emporium.
 25423 | Vaults:1 | Entered Level 1 of the Vaults
 25436 | Vaults:1 | Reached XP level 19. HP: 138/138 MP: 25/25
 25582 | Vaults:1 | Reached skill level 15 in Unarmed Combat
 25645 | Vaults:1 | Reached skill level 15 in Fighting
 25791 | Vaults:1 | Reached skill level 15 in Shields
 25791 | Vaults:1 | Noticed Nikola
 25795 | Vaults:1 | Killed Nikola
 25796 | Vaults:1 | Reached skill level 1 in Stealth
 26220 | Vaults:1 | Found Qejuhi's Armour Emporium.
 26471 | Vaults:2 | Noticed Bai Suzhen
 26479 | Vaults:2 | Killed Bai Suzhen
 26593 | Vaults:2 | Reached skill level 10 in Invocations
 26631 | Vaults:2 | Noticed Zenata
 26638 | Vaults:2 | Killed Zenata
 26715 | Vaults:2 | Reached skill level 5 in Stealth
 26734 | Vaults:2 | Reached XP level 20. HP: 145/145 MP: 27/27
 26769 | Vaults:2 | Noticed Xtahua
 26776 | Vaults:2 | Killed Xtahua
 26919 | Vaults:2 | Noticed Mara
 26921 | Vaults:2 | Noticed CrazyBamboolord's illusion
 26936 | Vaults:2 | Killed Mara
 28150 | Vaults:3 | Found a staircase to the Crypt.
 28276 | Vaults:3 | Reached XP level 21. HP: 153/153 MP: 29/29
 28444 | Vaults:3 | Reached skill level 15 in Dodging
 29002 | Vaults:4 | Found a crumbling gateway.
 29107 | Vaults:4 | Found a flickering gateway to a bazaar.
 29117 | Bazaar   | Entered a bazaar
 29119 | Bazaar   | Found Vuliazem's Magic Scroll Boutique.
 29123 | Bazaar   | Found Imesiw's Jewellery Boutique.
 29123 | Bazaar   | Found Pamew's Weapon Boutique.
 29124 | Bazaar   | Found Fiwilov's Distillery.
 29166 | Bazaar   | Bought a scroll of teleportation for 42 gold pieces
 29166 | Bazaar   | Bought a scroll of revelation for 105 gold pieces
 29166 | Bazaar   | Bought a scroll of teleportation for 42 gold pieces
 29176 | Bazaar   | Bought a potion of might for 72 gold pieces
 29176 | Bazaar   | Bought a potion of curing for 54 gold pieces
 29189 | Bazaar   | Bought a dragon-blood talisman for 720 gold pieces
 30141 | Elf:1    | Entered Level 1 of the Elven Halls
 30244 | Orc:1    | Found Zitococ's Antique Weapon Shop.
 31314 | Elf:2    | Reached skill level 10 in Stealth
 31492 | Elf:2    | Found Kedduung's Antique Armour Emporium.
 31495 | Elf:2    | Found Zulius's Jewellery Shoppe.
 31497 | Elf:2    | Found Ysu Xawu's Weapon Emporium.
 31570 | Elf:2    | Reached XP level 22. HP: 160/160 MP: 30/30
 31606 | Elf:2    | Found a runed translucent gate.
 31607 | Elf:2    | Found a runed translucent gate.
 31607 | Elf:2    | Found a runed translucent gate.
 32257 | Elf:3    | Entered Level 3 of the Elven Halls
 32326 | Elf:3    | Found a radiant altar of Vehumet.
 32355 | Elf:2    | Found a radiant altar of Vehumet.
 32482 | Elf:3    | Noticed Aizul
 32491 | Elf:3    | Killed Aizul
 32703 | Elf:3    | Noticed Donald
 32713 | Elf:3    | Killed Donald
 33063 | Elf:3    | Identified the amulet "Eduizaanu" {Acrobat MP-9 Int+3}
 33065 | Elf:3    | Identified the +0 robe "Cuxed" {-Tele Str+6 Dex-5 Archmagi}
 33217 | Elf:3    | Identified the +0 pair of gloves "Kerumen" {rF+}
 33268 | Elf:3    | Found the +3 Elemental Staff {ele, rElec rF+ rC+ AC+3}
 33640 | Vaults:5 | Entered Level 5 of the Vaults
 33643 | Vaults:5 | Noticed Boris
 33647 | Vaults:5 | Noticed a dread lich
 33648 | Vaults:5 | Killed Boris
 33651 | Vaults:5 | Noticed a golden dragon
 33657 | Vaults:4 | Killed a dread lich
 33682 | Vaults:5 | Reached XP level 23. HP: 145/168 MP: 32/32
 33682 | Vaults:5 | Killed a golden dragon
 33745 | Vaults:5 | Noticed Frederick
 33745 | Vaults:5 | Noticed a dread lich
 33748 | Vaults:5 | Noticed a golden dragon
 33748 | Vaults:5 | Noticed a golden dragon
 33752 | Vaults:4 | Killed a dread lich
 33759 | Vaults:5 | Noticed a dread lich
 33785 | Vaults:4 | Killed Frederick
 33791 | Vaults:4 | Killed a golden dragon
 33810 | Vaults:4 | Killed a dread lich
 33829 | Vaults:4 | Killed a golden dragon
 33860 | Vaults:5 | Noticed a golden dragon
 33901 | Vaults:4 | Killed a golden dragon
 34039 | Vaults:5 | Identified the +3 glaive "Voah" {spect, Fly MP+9}
 34042 | Vaults:5 | Found the amulet of Vitality {RegenMP++ Regen++}
 34044 | Vaults:5 | Identified the ring of the Enemy {Will+ Str+5 Int+6}
 34073 | Vaults:5 | Got a silver rune of Zot
 34090 | Vaults:5 | Identified the +3 ring mail of the Valley {rCorr}
 34146 | Vaults:5 | Identified the amulet "Fozupt" {Faith Str+3}
 34147 | Vaults:5 | Identified the +2 leather armour of Understanding {rPois
                  | Str+4}
 34237 | Vaults:5 | Got the Precepts of Frostbite and Poison
 34371 | Vaults:5 | Found the +3 crown of Dyrovepreva {rElec Int+2 SInv}
 34408 | Vaults:5 | Identified the ring of Duuraefe {Will+ rCorr Str+2 Dex+2}
 34423 | Vaults:5 | Identified the amulet "Wyaclaim" {Faith Contam rF++ Regen+}
 34566 | Vaults:5 | Identified the ring "Eniutastea" {rN+ Int+3}
 34605 | Vaults:5 | Identified the +7 battleaxe of the Nexus {antimagic, Contam
                  | rC++}
 34605 | Vaults:5 | Identified the +0 ice dragon scales of Xom's Benevolence
                  | {Drain rF- rC++ Will+ Int+6 Stlth+}
 34605 | Vaults:5 | Identified the amulet of Lommag {RegenMP Will+ Dex+4}
 34803 | Vaults:5 | Identified the ring "Fyicseh" {rPois rN+ EV+5 Int+2}
 35400 | Crypt:1  | Entered Level 1 of the Crypt
 35512 | Crypt:1  | Reached XP level 24. HP: 180/180 MP: 32/32
 36776 | Crypt:3  | Entered Level 3 of the Crypt
 37204 | Crypt:3  | Got the Exposition on Lamentation
 37326 | Crypt:3  | Identified the staff of Causality {Contam rF+ Int+3 Dex+6
                  | Conj}
 37436 | Crypt:3  | Identified the ring of Jeiptinu {Fly rPois rF- rN+}
 37441 | Crypt:3  | Identified the +0 robe of Sunlight {Rampage rPois Int-3
                  | Archmagi}
 37766 | Crypt:3  | Noticed an ancient lich
 37772 | Crypt:3  | Killed an ancient lich
 37876 | Crypt:3  | Found a staircase to the Tomb.
 37890 | Crypt:3  | Noticed Mennas
 37894 | Crypt:3  | Noticed a dread lich
 37898 | Crypt:3  | Killed a dread lich
 37903 | Crypt:3  | Killed Mennas
 37917 | Crypt:3  | Identified the ring of Balance {MP+9 Int+2}
 37918 | Crypt:3  | Identified the ring of Uskayaw, Rescuing {rElec rN+ Will-
                  | Int+3}
 37918 | Crypt:3  | Identified the amulet "Ozxelegesm" {rPois Regen+ rCorr}
 37918 | Crypt:3  | Identified the ring "Icioh" {rElec rN+ Will+ Str+2}
 38354 | Tomb:1   | Entered Level 1 of the Tomb of the Ancients
 38606 | Tomb:1   | Noticed a royal mummy
 38614 | Tomb:1   | Killed a royal mummy
 38615 | Tomb:1   | Reached XP level 25. HP: 145/192 MP: 32/32
 39158 | Depths:1 | Entered Level 1 of the Depths
 39252 | Depths:1 | Found a runed translucent door.
 39522 | Depths:1 | Found a gateway to Hell.
 39818 | Depths:1 | Found a one-way gate leading to the halls of Pandemonium.
 39936 | Hell     | Entered the Vestibule of Hell
 39936 | Hell     | Noticed Geryon
 40071 | Hell     | Killed Geryon
 40277 | Hell     | Found a gateway to the ashen valley of Gehenna.
 40376 | Hell     | Found a gateway to the freezing wastes of Cocytus.
 40450 | Hell     | Found a gateway to the Iron City of Dis.
 40496 | Hell     | Found a gateway to the decaying netherworld of Tartarus.
 40597 | Depths:2 | Found a shadowy altar of Dithmenos.
 40872 | Depths:2 | Reached skill level 15 in Stealth
 41250 | Depths:3 | Noticed Saint Roka
 41256 | Depths:3 | Killed Saint Roka
 41449 | Depths:3 | Found a one-way gate to the infinite horrors of the Abyss.
 41449 | Depths:3 | Noticed Louise
 41453 | Depths:3 | Killed Louise
 41515 | Depths:3 | Reached XP level 26. HP: 199/199 MP: 32/32
 41616 | Depths:3 | Noticed a juggernaut
 41625 | Depths:3 | Killed a juggernaut
 41689 | Depths:3 | Identified the +10 whip of Valiance {venom, Dex+4}
 41701 | Depths:3 | Found the +3 pair of mountain boots {steadfast, rC+}
 42140 | Depths:4 | Entered Level 4 of the Depths
 42179 | Depths:4 | Found a gate to the Realm of Zot.
 42730 | Depths:4 | Found a one-way gateway to a ziggurat.
 44361 | Slime:1  | Entered Level 1 of the Pits of Slime
 44536 | Slime:1  | Gained mutation: You are clumsy. (Dex -2) [a shining eye]
 45196 | Slime:2  | Gained mutation: You sometimes lose your temper in combat.
                  | [a shining eye]
 45201 | Slime:2  | Gained mutation: Your body sometimes deteriorates upon
                  | taking damage. [a shining eye]
 45204 | Slime:2  | Lost mutation: Your body sometimes deteriorates upon taking
                  | damage. [potion of mutation]
 45204 | Slime:2  | Lost mutation: You are clumsy. (Dex -2) [potion of
                  | mutation]
 45204 | Slime:2  | Gained mutation: Your natural rate of healing is unusually
                  | fast. [potion of mutation]
 45204 | Slime:2  | Gained mutation: You are robust. (+10% HP) [potion of
                  | mutation]
 46407 | Slime:5  | Entered Level 5 of the Pits of Slime
 46510 | Slime:5  | Gained mutation: You have an uncontrollable temper. [a
                  | shining eye]
 46607 | Slime:5  | Noticed the Royal Jelly
 46621 | Slime:5  | Killed the Royal Jelly
 46681 | Slime:5  | Got a slimy rune of Zot
 46684 | Slime:5  | Identified the +5 dagger "Imeupnauli" {heavy, rPois Str+2
                  | Int+3 Dex-5}
 46715 | Slime:5  | Identified the staff "Zuysofubb" {rPois Str+3 Poison}
 46724 | Slime:5  | Identified the +5 quarterstaff of Defiance {speed, *Noise
                  | rN+ Str+3}
 46751 | Slime:5  | Identified the +5 hand axe of Embarrassment {flame, *Noise
                  | rPois Stlth+}
 46757 | Slime:5  | Identified the +10 plate armour of the Solstice {rN+}
 46766 | Slime:5  | Identified the +0 short sword of Melee {vamp, rPois rCorr
                  | Str-5 SInv}
 46787 | Slime:5  | Identified the +1 battleaxe of Luheddig {drain, Fragile
                  | rCorr MP+9 Str+4}
 46849 | Slime:5  | Gained mutation: Your body sometimes deteriorates upon
                  | taking damage. [a shining eye]
 46933 | Slime:5  | Reached XP level 27. HP: 225/225 MP: 32/32
 47569 | Slime:4  | Lost mutation: You are robust. (+10% HP) [potion of
                  | mutation]
 47569 | Slime:4  | Lost mutation: Your natural rate of healing is unusually
                  | fast. [potion of mutation]
 47569 | Slime:4  | Lost mutation: You have an uncontrollable temper. [potion
                  | of mutation]
 47569 | Slime:4  | Gained mutation: You have an uncontrollable temper. [potion
                  | of mutation]
 47569 | Slime:4  | Lost mutation: Your body sometimes deteriorates upon taking
                  | damage. [potion of mutation]
 47569 | Slime:4  | Gained mutation: You are partially covered in iridescent
                  | scales. (AC +2) [potion of mutation]
 47569 | Slime:4  | Gained mutation: Your spells are a little harder to cast,
                  | but a little more powerful. [potion of mutation]
 47570 | Slime:4  | Lost mutation: Your spells are a little harder to cast, but
                  | a little more powerful. [potion of mutation]
 47570 | Slime:4  | Lost mutation: You are partially covered in iridescent
                  | scales. (AC +2) [potion of mutation]
 47570 | Slime:4  | Gained mutation: You are covered in fur. (AC +1) [potion of
                  | mutation]
 47570 | Slime:4  | Gained mutation: You expend magic power (3 MP) to
                  | strengthen your wands. [potion of mutation]
 47571 | Slime:4  | Lost mutation: You are covered in fur. (AC +1) [potion of
                  | mutation]
 47571 | Slime:4  | Lost mutation: You expend magic power (3 MP) to strengthen
                  | your wands. [potion of mutation]
 47571 | Slime:4  | Lost mutation: You have an uncontrollable temper. [potion
                  | of mutation]
 47571 | Slime:4  | Gained mutation: You expend magic power (3 MP) to
                  | strengthen your wands. [potion of mutation]
 47571 | Slime:4  | Gained mutation: You are partially covered in iridescent
                  | scales. (AC +2) [potion of mutation]
 47572 | Slime:4  | Lost mutation: You are partially covered in iridescent
                  | scales. (AC +2) [potion of mutation]
 47572 | Slime:4  | Lost mutation: You sometimes lose your temper in combat.
                  | [potion of mutation]
 47572 | Slime:4  | Gained mutation: One of your tentacles bears a spike.
                  | [potion of mutation]
 47572 | Slime:4  | Gained mutation: Your mind is acute. (Int +4, Str/Dex -1)
                  | [potion of mutation]
 47806 | Lair:2   | Killed Seven7's ghost
 48235 | Zot:1    | Entered Level 1 of the Realm of Zot
 48465 | Zot:1    | Noticed an orb of fire
 48471 | Zot:1    | Gained mutation: You occasionally shout uncontrollably at
                  | your foes. [an orb of fire]
 48478 | Zot:1    | Killed an orb of fire
 49599 | Zot:2    | Found a burning altar of Makhleb.
 49624 | Zot:2    | Got Zexkeud's Catalogue of the Zealot
 49789 | Zot:2    | Noticed Vv
 49793 | Zot:2    | Killed Vv
 49894 | Zot:3    | Reached skill level 1 in Evocations
 50044 | Zot:3    | Found a shimmering altar of Xom.
 50044 | Zot:3    | Found a shimmering altar of Xom.
 50069 | Zot:3    | Found a shimmering altar of Xom.
 50069 | Zot:3    | Found a glowing silver altar of Zin.
 51047 | Zot:3    | Reached skill level 5 in Evocations
 51600 | Zot:3    | Found a shimmering altar of Xom.
 51601 | Zot:3    | Found a shimmering altar of Xom.
 51793 | Zot:4    | Found an ornate altar of the Wu Jian Council.
 51914 | Zot:4    | Found an ancient bone altar of Kikubaaqudgha.
 52340 | Zot:5    | Entered Level 5 of the Realm of Zot
 52383 | Zot:5    | Reached skill level 10 in Evocations
 52401 | Zot:5    | Noticed an ancient lich
 52405 | Zot:5    | Noticed a dread lich
 52406 | Zot:5    | Killed an ancient lich
 52409 | Zot:5    | Killed a dread lich
 52412 | Zot:5    | Noticed a dread lich
 52414 | Zot:5    | Killed a dread lich
 52417 | Zot:5    | Noticed a dread lich
 52421 | Zot:5    | Killed a dread lich
 52498 | Zot:5    | Noticed an orb of fire
 52661 | Zot:5    | Killed an orb of fire
 52684 | Zot:5    | Noticed a dread lich
 52685 | Zot:5    | Noticed an orb of fire
 52692 | Zot:5    | Killed an orb of fire
 52694 | Zot:5    | Killed a dread lich
 52738 | Zot:5    | Noticed an orb of fire
 52749 | Zot:5    | Gained mutation: You do not regenerate when monsters are
                  | visible. [an orb of fire]
 52751 | Zot:5    | Killed an orb of fire
 52752 | Zot:5    | Lost mutation: You occasionally shout uncontrollably at
                  | your foes. [potion of mutation]
 52752 | Zot:5    | Lost mutation: You expend magic power (3 MP) to strengthen
                  | your wands. [potion of mutation]
 52752 | Zot:5    | Gained mutation: You are clumsy. (Dex -2) [potion of
                  | mutation]
 52752 | Zot:5    | Gained mutation: You have a pair of small antennae on your
                  | head. [potion of mutation]
 52753 | Zot:5    | Lost mutation: You are clumsy. (Dex -2) [potion of
                  | mutation]
 52753 | Zot:5    | Lost mutation: You do not regenerate when monsters are
                  | visible. [potion of mutation]
 52753 | Zot:5    | Gained mutation: You are resistant to electric shocks.
                  | (rElec) [potion of mutation]
 52753 | Zot:5    | Gained mutation: Your skin blends seamlessly with your
                  | surroundings (Stealth++). [potion of mutation]
 52753 | Zot:5    | Noticed a dread lich
 52757 | Zot:5    | Killed a dread lich
 52789 | Zot:5    | Noticed an orb of fire
 52796 | Zot:5    | Killed an orb of fire
 52797 | Zot:5    | Noticed an orb of fire
 52800 | Zot:5    | Gained mutation: You occasionally shout uncontrollably at
                  | your foes. [an orb of fire]
 52803 | Zot:5    | Killed an orb of fire
 52804 | Zot:5    | Reached skill level 15 in Evocations
 52804 | Zot:5    | Noticed a dread lich
 52818 | Zot:5    | Killed a dread lich
 52848 | Zot:5    | Noticed an ancient lich
 52854 | Zot:5    | Killed an ancient lich
 53424 | Geh:1    | Entered Level 1 of Gehenna
 55081 | Geh:7    | Entered Level 7 of Gehenna
 55932 | Geh:7    | Found the +13 sceptre of Asmodeus
 55932 | Geh:7    | Noticed Asmodeus
 55943 | Geh:7    | Killed Asmodeus
 55951 | Geh:7    | Identified the +0 shortbow of Omazow {drain, rF+ Str+2
                  | Stlth+}
 55957 | Geh:7    | Got an obsidian rune of Zot
 56233 | D:14     | Bought a lightning rod (4/4) for 680 gold pieces
 56345 | Tar:1    | Entered Level 1 of Tartarus
 57000 | Tar:4    | You fall into a shaft and drop 1 floor!
 57893 | Tar:7    | Entered Level 7 of Tartarus
 58433 | Tar:7    | Noticed Ereshkigal
 58461 | Tar:7    | Killed Ereshkigal
 58508 | Tar:7    | Got a bone rune of Zot
 59019 | Tar:7    | Identified the amulet of Kedatuawn {Reflect MP+9 SH+5}
 60043 | Tar:7    | Found the +5 glaive of the Guard {elec, spectral, AC+5}
 60051 | Tar:7    | Identified the +3 triple crossbow of Ahawkej {flame, Contam
                  | Str+4 Int+2}
 60103 | Tar:7    | Got the Thoughts on Unstable Clay
 60184 | Tar:7    | Identified the +7 trident of Filusuiv {flame, rCorr}
 60222 | Tar:7    | Identified the ring "Jikon" {Will+ Dex+6}
 60357 | Tar:7    | Identified the +6 hand axe "Cycosap" {flame, Str+4}
 60473 | Dis:1    | Entered Level 1 of the Iron City of Dis
 60713 | Dis:3    | Noticed an ancient lich
 60717 | Dis:3    | Killed an ancient lich
 61114 | Dis:5    | Noticed an ancient lich
 61118 | Dis:5    | Killed an ancient lich
 61708 | Dis:7    | Entered Level 7 of the Iron City of Dis
 62417 | Dis:7    | Noticed a juggernaut
 62427 | Dis:7    | Killed a juggernaut
 62481 | Dis:7    | Found the amulet of the Four Winds {rN+ Will+++ Clar}
 62498 | Dis:7    | Identified the +6 war axe of Uget Boa {heavy, +Blink rN+
                  | Int+5 Dex-2}
 62510 | Dis:7    | Identified the orb of Negation {light, Str+4 Stlth+}
 62512 | Dis:7    | Got Deoduor's Dissertation on Gases and Cold
 63429 | Dis:7    | Noticed Dispater
 63430 | Dis:7    | Noticed a juggernaut
 63434 | Dis:7    | Killed a juggernaut
 63442 | Dis:7    | Killed Dispater
 63490 | Dis:7    | Got an iron rune of Zot
 63492 | Dis:7    | Identified the +2 plate armour "Pigh" {rC+ rN+ Will- rCorr}
 63988 | Coc:1    | Entered Level 1 of Cocytus
 64317 | Coc:5    | Noticed an ancient lich
 64325 | Coc:5    | Killed an ancient lich
 64565 | Depths:3 | Voluntarily entered the Abyss.
 64580 | Abyss:1  | Found a corrupted altar of Lugonu.
 64651 | Abyss:1  | Noticed an ancient lich
 64654 | Abyss:1  | Killed an ancient lich
 64719 | Abyss:1  | Found a corrupted altar of Lugonu.
 64725 | Abyss:1  | Found a corrupted altar of Lugonu.
 64758 | Abyss:1  | Found a corrupted altar of Lugonu.
 64788 | Abyss:1  | Found a corrupted altar of Lugonu.
 64802 | Abyss:1  | Found a corrupted altar of Lugonu.
 65020 | Abyss:2  | Found a corrupted altar of Lugonu.
 65110 | Abyss:2  | Paralysed by accursed screaming for 1 turns
 65536 | Abyss:3  | Paralysed by accursed screaming for 1 turns
 65623 | Abyss:3  | Paralysed by accursed screaming for 2 turns
 65630 | Abyss:3  | Paralysed by accursed screaming for 2 turns
 65637 | Abyss:3  | Paralysed by accursed screaming for 1 turns
 65655 | Abyss:3  | Got an abyssal rune of Zot
 65697 | Abyss:3  | Gained mutation: You are frail. (-10% HP) [a neqoxec]
 65704 | Abyss:3  | Found a corrupted altar of Lugonu.
 65717 | Abyss:3  | Found a corrupted altar of Lugonu.
 65736 | Abyss:3  | Found a corrupted altar of Lugonu.
 65808 | Abyss:3  | Paralysed by accursed screaming for 1 turns
 65858 | Abyss:3  | Reached skill level 27 in Unarmed Combat
 65902 | Depths:3 | Escaped the Abyss
 66473 | Tomb:1   | Noticed Boris
 66479 | Tomb:1   | Killed Boris
 66711 | Tomb:2   | Noticed a royal mummy
 66712 | Tomb:2   | Noticed a royal mummy
 66713 | Tomb:2   | Noticed a royal mummy
 66719 | Tomb:2   | Noticed a royal mummy
 67507 | Zot:5    | Got the Orb of Zot
 67621 | Zot:3    | Noticed Rivvaroa the pandemonium lord
 67626 | Zot:3    | Killed Rivvaroa the pandemonium lord
 67768 | Depths:2 | Reached skill level 27 in Dodging
 67784 | Depths:1 | Noticed Agihynlu the pandemonium lord
 67787 | Depths:1 | Killed Agihynlu the pandemonium lord
 68709 | D:1      | Noticed Cahos the pandemonium lord
 68720 | D:1      | Killed Cahos the pandemonium lord
 68752 | D:1      | Noticed a seraph
 68761 | D:1      | Killed a seraph
 68904 | D:1      | Noticed Anaeng the pandemonium lord
 68912 | D:1      | Killed Anaeng the pandemonium lord
 69005 | D:1      | Noticed Asanoiwo the pandemonium lord
 69015 | D:1      | Killed Asanoiwo the pandemonium lord
 69029 | D:1      | Noticed Cuorhido the pandemonium lord
 69032 | D:1      | Noticed an ancient lich
 69038 | D:1      | Killed an ancient lich
 69053 | D:1      | Killed Cuorhido the pandemonium lord
 69075 | D:1      | Reached skill level 27 in Fighting
 69102 | D:1      | Noticed Lutanwegg the pandemonium lord
 69110 | D:1      | Killed Lutanwegg the pandemonium lord
 69129 | D:1      | Identified the +1 buckler of Gotrinei {Regen+ rCorr Dex-5}
 69286 | D:1      | Noticed Degoucoh the pandemonium lord
 69293 | D:1      | Killed Degoucoh the pandemonium lord
 69439 | D:1      | Noticed Xoul the pandemonium lord
 69445 | D:1      | Noticed Wootit the pandemonium lord
 69454 | D:1      | Killed Xoul the pandemonium lord
 69460 | D:1      | Killed Wootit the pandemonium lord
 69947 | D:1      | Noticed Byggygh the pandemonium lord
 69952 | D:1      | Killed Byggygh the pandemonium lord
 69961 | D:$      | Escaped with the Orb!

Illustrated notes

Levels and vault maps discovered:
D:1:      scummos_arrival_simple_fountains, layout_rooms,
          dreamdust_ecumenical_altar_angels_and_demons, minmay_misc_feat_encased
D:2:      layout_loops_ring, minmay_misc_feat_diagonals, item_on_display_a
D:3:      layout_basic
D:4:      layout_cave_pools
D:5:      layout_basic, mainiacjoe_overflow_alcove_1, chequers_mini_garden,
          hangedman_decor_clover_reticule
D:6:      layout_loops_ring, serial_shops, nicolae_take_the_stairs, shop
D:7:      layout_basic, grunt_gozag_statues, minmay_temple_entry_oklob,
          uniq_maggie
D:8:      layout_loops_ring, mainiacjoe_overflow_24_doors,
          nicolae_diode_intersection
D:9:      layout_rooms, mainiacjoe_overflow_boulevard,
          mainiacjoe_overflow_large_starburst, enter_bailey_3, centaur_isle,
          uniq_prince_ribbit1
D:10:     layout_cave_pods, chequers_temple_overflow_statue_of_worship,
          orc_0_dummy, special_room [special_room_bee]
D:11:     layout_loops_cross, dpeg_lair_monsters, enter_trove_5, uniq_fannar
D:12:     layout_loops_ring
D:13:     layout_cave_pools
D:14:     layout_roguey, hellmonk_vaults_keyhole, serial_shops, kennysheep_mini,
          serial_park_square1 [serial_park_minivault_5x5_7]
D:15:     grunt_enter_depths_snipers, layout_irregular_city,
          dreamdust_wishing_well, serial_shops, shop,
          pdpol_wu_jian_five_deadly_venoms
Temple:   minmay_temple_forest_path
Lair:1:   layout_big_grid, infiniplex_staircase_pool, uniq_grum
Lair:2:   layout_regular_city, nzn_ghost_randoct
Lair:3:   layout_concentric_octagons, nicolae_swamp_entry_spooky,
          dummy_snake_entry
Lair:4:   layout_misc_corridors
Lair:5:   hangedman_lair_tendril_chambers, layout_hall_layers,
          dpeg_slime_entry_corner, fungi_pond_lemuel, columned_hall_lemuel,
          serial_bayou_shore_a, uniq_josephine
Swamp:1:  layout_basic_swamp, nicolae_swamp_treefoil
Swamp:2:  layout_basic_swamp, evilmike_swamp_ruin_house_2,
          statue_in_the_mist_lemuel, swamp_pool4
Swamp:3:  layout_basic_swamp, nicolae_swamp_little_swirl
Swamp:4:  swamp_basic_johnstein, layout_basic_swamp, swamp_pool4
Snake:1:  layout_chambers, nicolae_snake_gridmaze_squiggle
Snake:2:  layout_honeycomb, nicolae_triple_integral
Snake:3:  layout_basic
Snake:4:  snake_pit_salamanders_mu, layout_cave_shapes, ebering_ghost_gozag,
          serial_shops, nicolae_diamond_shop, nicolae_shop_clearance,
          minmay_shoptagon
Slime:1:  layout_caves
Slime:2:  layout_caves, cheibrodos_slime_lost_civilization_5
Slime:3:  layout_caves
Slime:4:  cheibrodos_slime_lost_civilization_9, layout_caves,
          nicolae_slime_phagocytosis
Slime:5:  slime_pit_nicolae_block_by_block
Orc:1:    layout_diamond_mine, enter_volcano_4, serial_shops,
          nicolae_diamond_shop, shop, nicolae_shop_statue_plus, uniq_gastronok
Orc:2:    st_orc_congregation, layout_diamond_mine, basic_altar,
          gammafunk_ghost_smash, serial_shops, shop
Elf:1:    nicolae_elf_arrival_no_cutting_in_line, layout_loops_corners,
          hangedman_elf_represent, evilmike_ambush [evilmike_ambush_outer_basic,
          evilmike_ambush_inner_basic]
Elf:2:    nicolae_elf_blades_crystal_corner, layout_gridlike, minmay_shop_star,
          lemuel_upstairs_altar
Elf:3:    elf_hall_gauntlet_narrow, layout_onion_city, basic_altar, uniq_aizul,
          uniq_donald
Vaults:1: nicolae_vaults_shipping_containers_3, nicolae_vaults_little_squares_1,
          nicolae_vaults_network_barrier, nicolae_vaults_circle_grid_b,
          dpeg_vaults_monster_row, hangedman_vaults_maws,
          nicolae_vaults_tetromino_T_1, nicolae_vaults_prndl, v_misc_27,
          layout_vaults_big_room, serial_shops, nicolae_shop_hallway_stairs,
          uniq_nikola
Vaults:2: nicolae_vaults_windows_and_doors_thing, v_misc_19,
          nicolae_vaults_two_Ls, nicolae_vaults_little_ls,
          nicolae_vaults_triangles, hangedman_vaults_maws,
          nicolae_vaults_stepped_doors, hangedman_vaults_stitches,
          nicolae_vaults_door_testing_chamber,
          nicolae_vaults_trapezoid_lopsided_3, layout_vaults_maze_snakey,
          uniq_zenata, uniq_margery, uniq_mara, uniq_xtahua, uniq_bai_suzhen
Vaults:3: minmay_crypt_entry_simple_statues, nicolae_vaults_closet_pinwheel_4,
          vaults_standard_mumra_x, nicolae_vaults_c_with_doors,
          nicolae_vaults_doubleplus_tesselated, v_pattern_2,
          nicolae_vaults_shelves_hall, ontoclasm_vaults_eye, v_alt_pattern_6,
          nicolae_vaults_big_angled_halls, vaults_dpeg_emergency_exit,
          vaults_room_ringed_pool, grunt_vaults_hallway_long,
          layout_vaults_big_cross
Vaults:4: portal_desolation_entry_ruin, nicolae_vaults_security_offices_5,
          vaults_mumra_minichess, vaults_room_door_ring,
          nicolae_vaults_shelves_hall, hangedman_vaults_pinch,
          nicolae_vaults_trapezoid_lopsided_1, layout_vaults_omnigrid,
          serial_shops, bzr_entry_customers
Vaults:5: serial_shops, uniq_frederick, uniq_boris
Crypt:1:  layout_gridlike, grunt_crypt_arrival_webbed
Crypt:2:  layout_chaotic_city
Crypt:3:  quadcrypt_mu, uniq_mennas
Tomb:1
Tomb:2
Depths:1: layout_forbidden_donut, minmay_misc_feat_room, rand_demon_pan_entry_8,
          hell_entry, minmay_crystal_box, kennysheep_random_hallway
Depths:2: nicolae_cairo_tiling, layout_cave_shapes, grunt_dithmenos_smoke,
          hell_entry, grunt_pan_entry_zigzag
Depths:3: minmay_fractal_lines_corner, layout_honeycomb,
          pf_vacation_house_of_asmodeus, nicolae_abyss_entry_one_way_or_another,
          minmay_misc_feat_tower, uniq_josephina, uniq_saint_roka
Depths:4: grunt_zot_entry_tricorne, layout_twisted_cross, enter_ziggurat_c,
          chequers_serial_rivers_room_b, serial_co_window_serial,
          co_window_cross_1, co_window_paths_b, co_window_corner_a,
          co_window_corner_a, co_window_paths_b, co_window_cross_1,
          co_window_2corner, co_window_unsneaky_path_d, co_window_corner_cb,
          glass_columns_c, glass_columns_c, glass_columns_a,
          hangedman_tar_grid_catacomb, chequers_jeans
Hell
Dis:1:    layout_subdivisions
Dis:2:    layout_gridville, nicolae_dis_scattering
Dis:3:    layout_gridville
Dis:4:    layout_jigsaw
Dis:5:    layout_overlapping_boxes, nicolae_dis_big_boring_drill
Dis:6:    layout_gridville, nicolae_dis_metal_lava_thing
Dis:7:    dis_st
Geh:1:    layout_gehenna_pools_box
Geh:2:    layout_gehenna_pools_box
Geh:3:    layout_gehenna_pools_triple
Geh:4:    layout_gehenna_pools_triple, nicolae_geh_niches_of_the_damned
Geh:5:    layout_gehenna_lava_caves, hangedman_hellfire_club
Geh:6:    layout_gehenna_lava_caves
Geh:7:    geh_grunt_pentagon
Coc:1:    layout_cocytus_water_paths
Coc:2:    layout_ice_bergs
Coc:3:    layout_ice_bergs, serial_ice, serial_ice_m, serial_ice_g
Coc:4:    layout_cocytus_water_paths
Coc:5:    layout_ice_bergs
Coc:6:    layout_cocytus_water_paths
Tar:1:    layout_catacombs, nicolae_tar_cuneiform_sun
Tar:2:    layout_catacombs
Tar:3:    layout_grid_maze, nicolae_tar_cuneiform_bird
Tar:4:    layout_grid_maze, nicolae_tar_cuneiform_heaven,
          nicolae_tar_cuneiform_oil
Tar:5:    layout_catacombs, nicolae_tar_windowcombs
Tar:6:    layout_grid_maze
Tar:7:    tar_mu [tar_mu_maze]
Zot:1:    lemuel_draconian_sentries, layout_twisted_circle
Zot:2:    nicolae_zot_draconian_monastery, layout_basic, uniq_vv
Zot:3:    dreamdust_zin_vs_xom, layout_cathedral_of_symmetry, st_stairs_3,
          grunt_megastairs_1
Zot:4:    grunt_twist_and_shout, layout_onion, hangedman_feature_mirror
Zot:5:    layout_basic, nrook_zot_tub

Skill      XL: |  1  2  3  4  5  6  7  8  9 10 11 12 13 14 15 16 17 18 19 20 21 22 23 24 25 26 27 |
---------------+----------------------------------------------------------------------------------+-----
Shapeshifting  | 4 5 6 12 13 14 15 18 19 20 21 23 25 | 25.0
Unarmed Combat | 4 6 7 9 10 12 13 14 16 17 19 21 27 | 27.0
Fighting       | 2 3 4 5 6 7 8 9 10 14 15 16 17 19 21 27 | 27.0
Dodging        | 3 4 6 7 8 10 11 12 14 16 18 20 21 27 | 27.0
Invocations    | 1 3 4 6 7 8 9 10 11 12 13 | 13.0
Shields        | 2 4 6 10 12 14 15 16 20 | 20.3
Stealth        | 5 7 10 12 13 15 20 | 20.0
Evocations     | 22 | 22.1

Action                     |  1- 3 |  4- 6 |  7- 9 | 10-12 | 13-15 | 16-18 | 19-21 | 22-24 | 25-27 || total
---------------------------+-------+-------+-------+-------+-------+-------+-------+-------+-------++-------
  Melee: Unarmed           |    48 |    64 |   179 |   434 |   616 |   675 |   679 |   763 |  3096 ||  6554
         Constrict         |     9 |    11 |    46 |    86 |    93 |    76 |   103 |   150 |   385 ||   959
         Tentacles         |     7 |     8 |    15 |    75 |   143 |   143 |   188 |   229 |   790 ||  1598
         Punch             |     1 |       |       |    17 |    60 |    49 |    93 |   115 |   558 ||   893
         Kick              |       |       |       |       |       |       |       |       |  1065 ||  1065
  Throw: Boomerang         |       |       |       |       |     2 |       |       |       |       ||     2
 Invoke: Slouch            |       |       |       |       |     5 |     4 |     4 |       |    12 ||    25
         Step From Time    |       |       |       |       |       |       |       |       |     3 ||     3
  Evoke: Wand              |       |       |       |       |       |       |       |       |    18 ||    18
         Lightning rod     |       |       |       |       |       |       |       |       |     3 ||     3
         Condenser vane    |       |       |       |       |       |       |       |       |     2 ||     2
    Use: Scroll            |     2 |     3 |     6 |    14 |    15 |     4 |       |     2 |    13 ||    59
         Potion            |       |       |     3 |       |     1 |       |       |       |    12 ||    16
   Stab: Sleeping          |     8 |     2 |       |     8 |     7 |    15 |    22 |    33 |   103 ||   198
         Distracted        |       |       |       |       |     1 |     1 |     1 |    10 |    27 ||    40
         Confused          |       |       |       |       |       |     3 |       |       |       ||     3
         Invisible         |       |       |       |       |       |       |       |       |     1 ||     1
 Armour: Skin              |     3 |     2 |    70 |   228 |   196 |   293 |   186 |   207 |   551 ||  1736
  Dodge: Dodged            |    22 |    30 |    88 |   435 |   752 |  1349 |   860 |   814 |  3790 ||  8140
  Block: Buckler           |     2 |     9 |       |   189 |    60 |       |       |       |       ||   260
         Kite shield       |       |       |       |       |   882 |  1323 |  1349 |  1299 |   966 ||  5819
         Reflection        |       |       |       |       |       |    34 |   154 |    38 |   137 ||   363
         Tower shield      |       |       |       |       |       |       |       |       |  4255 ||  4255
   Form: Flux              |       |     1 |       |       |       |       |       |       |       ||     1
         Anaconda          |       |       |     1 |       |       |       |       |       |       ||     1
         Statue            |       |       |       |     1 |       |       |       |     2 |     1 ||     4
         Death             |       |       |       |       |       |       |       |     4 |       ||     4
         Dragon            |       |       |       |       |       |       |       |     2 |     1 ||     3
         Storm             |       |       |       |       |       |       |       |     2 |       ||     2

Table legend: (Time is in decaauts)
 A = Elapsed time spent in this place.
 B = Non-inter-level travel time spent in this place.
 C = Inter-level travel time spent in this place.
 D = Time resting spent in this place.
 E = Time spent auto-exploring this place.
 F = Levels seen in this place.
 G = Mean time per level.
                   A        B        C        D        E       F      G
               +--------+--------+--------+--------+--------+-----+--------+
         Total | 173344 | 141304 |  32040 |   4798 |  96594 |  92 | 1884.2 |
       Dungeon |  28069 |  21651 |   6418 |   2864 |  15076 |  15 | 1871.3 |
        Temple |    120 |      2 |    118 |      0 |      0 |   1 |  120.0 |
          Lair |  13732 |  11157 |   2575 |    183 |   8895 |   5 | 2746.4 |
         Swamp |   6542 |   6151 |    391 |      0 |   4860 |   4 | 1635.5 |
     Snake Pit |  10545 |   9491 |   1054 |     28 |   8088 |   4 | 2636.2 |
    Slime Pits |   9182 |   8259 |    923 |    269 |   6515 |   5 | 1836.4 |
  Orcish Mines |   5295 |   4124 |   1171 |     12 |   3239 |   2 | 2647.5 |
   Elven Halls |   8673 |   8013 |    660 |     85 |   6204 |   3 | 2891.0 |
        Vaults |  19118 |  14360 |   4758 |    376 |  10337 |   5 | 3823.6 |
         Crypt |  10051 |   7141 |   2910 |      4 |   4904 |   3 | 3350.3 |
          Tomb |   2434 |   1949 |    485 |    135 |    552 |   2 | 1217.0 |
        Depths |  11706 |   8728 |   2978 |    150 |   7112 |   4 | 2926.5 |
          Hell |   2139 |   1509 |    630 |    147 |    834 |   1 | 2139.0 |
           Dis |   7933 |   5678 |   2255 |     88 |   1440 |   7 | 1133.3 |
       Gehenna |   6923 |   6234 |    689 |     87 |   2725 |   7 |  989.0 |
       Cocytus |    910 |    909 |      1 |     72 |      0 |   6 |  151.7 |
      Tartarus |  10944 |   9397 |   1547 |     96 |   6025 |   7 | 1563.4 |
           Zot |  13377 |  10907 |   2470 |     79 |   8089 |   5 | 2675.4 |
         Abyss |   3452 |   3452 |      0 |      0 |   1607 |   3 | 1150.7 |
        Bazaar |    250 |    250 |      0 |      0 |     27 |   1 |  250.0 |
        Bailey |   1281 |   1281 |      0 |    119 |     22 |   1 | 1281.0 |
       Volcano |    660 |    660 |      0 |      0 |     37 |   1 |  660.0 |
               +--------+--------+--------+--------+--------+-----+--------+

Top non-repeatable levels by time:
   Tar:7: 6851 daAuts
 Crypt:3: 5902 daAuts
   Dis:7: 5023 daAuts
Vaults:4: 4425 daAuts
Vaults:3: 4093 daAuts
Vaults:1: 3788 daAuts
    D:15: 3699 daAuts
Vaults:5: 3555 daAuts
  Lair:5: 3527 daAuts
Depths:1: 3454 daAuts
 Snake:1: 3426 daAuts
   Zot:3: 3387 daAuts
  Lair:3: 3341 daAuts
Vaults:2: 3255 daAuts
   Orc:2: 3216 daAuts
